 Dungeon Crawl Stone Soup version 0.27-a0-1278-g6cbc8dfb29 (webtiles) character file.

Game seed: 9862969371492846817

210 spiderkeys the Chopper (level 5, -1/47 HPs)
             Began as a Hill Orc Monk on June 13, 2021.
             Slain by a gnoll (9 damage)
             ... on level 4 of the Dungeon.
             The game lasted 00:05:24 (4459 turns).

spiderkeys the Chopper (Hill Orc Monk)              Turns: 4459, Time: 00:05:24

Health: -1/47      AC:  8    Str: 15    XL:     5   Next: 88%
Magic:  5/5        EV:  7    Int: 10    God:
Gold:   98         SH:  0    Dex: 13    Spells: 4/4 levels left

rFire    . . .     SeeInvis .   a - +0 hand axe
rCold    . . .     Faith    .   (no shield)
rNeg     . . .     Spirit   .   p - +0 chain mail
rPois    .         Reflect  .   (no helmet)
rElec    .         Harm     .   (no cloak)
rCorr    .         Rampage  .   (no gloves)
Will     .....                  (no boots)
Stlth    ..........             (no amulet)
HPRegen  0.15/turn              (no ring)
MPRegen  0.09/turn              (no ring)

@: no status effects
A: no striking features
a: no special abilities


You were on level 4 of the Dungeon.
You visited 1 branch of the dungeon, and saw 4 of its levels.

You collected 98 gold pieces.


   Skills:
 + Level 4.6 Fighting
 * Level 6.1 Axes
 + Level 2.4 Armour
 + Level 3.1 Dodging
 - Level 1.5 Stealth


You had 4 spell levels left.
You didn't know any spells.
Your spell library contained the following spells:

 Spells                   Type           Power      Damage    Failure   Level
 Magic Dart               Conj           0%         1d3       100%        1
 Blink                    Tloc           N/A        N/A       100%        2
 Call Imp                 Summ           0%         N/A       100%        2
 Slow                     Hex            0%         N/A       100%        2
 Conjure Flame            Conj/Fire      0%         6-21      100%        3
 Mephitic Cloud           Conj/Pois/Air  0%         N/A       100%        3

Inventory:

Hand Weapons
 a - a +0 hand axe (weapon)
Missiles
 e - 29 stones (quivered)
 i - 53 arrows
 l - 19 sling bullets
 m - 7 boomerangs
Armour
 p - a +0 chain mail (worn)
   (You took it off an orc on level 3 of the Dungeon)
Scrolls
 f - 4 scrolls of fog
 g - a scroll of immolation {!r!r}
Potions
 c - 2 potions of magic
 h - a potion of mutation {!q}
 j - a potion of brilliance

Dungeon Overview and Level Annotations

Branches:
Dungeon (4/15)
 Temple: D:4-7

Altars:

#.. .. ###..
.... ... #
#.#####.#
#...g@..#
###)#####
.....<...S..#
(.#.#.#.......#
#.......### #
#.###g.. #..
##.) ### .


You could see a gnoll.


Message History

Things that are here:
a +0 club; a +0 club; a gnoll skeleton Done exploring.
There is a stone staircase leading down, spattered with blood here.
Things that are here:
a scroll of noise {!r}; a +0 robe You climb downwards.
The orc hits you but does no damage.
There is a stone staircase leading up, spattered with blood here.
You hit the orc. The orc hits you but does no damage.
You hit the orc but do no damage. The orc hits you but does no damage.
You barely miss the orc. The orc hits you but does no damage.
You hit the orc. The orc hits you but does no damage.
You hit the orc but do no damage. The orc hits you but does no damage.
You hit the orc but do no damage.
The orc hits you with a +0 mace. 😕 HP[-5]
You take 5 damage, and now have 42/47 hp.
You barely miss the orc. The orc closely misses you.
You closely miss the orc. The orc barely misses you.
You hit the orc but do no damage.
The orc hits you with a +0 mace. 😕 HP[-2]
You take 2 damage, and now have 40/47 hp.
You hit the orc. The orc barely misses you.
You closely miss the orc.
The orc hits you with a +0 mace. 😕 HP[-3]
You take 3 damage, and now have 37/47 hp.
You hit the orc but do no damage.
A bullfrog skeleton comes into view.
The orc hits you but does no damage.
You closely miss the orc. The orc closely misses you.
You barely miss the orc. The orc closely misses you.
The bullfrog skeleton completely misses you.
You hit the orc but do no damage. You hit the bullfrog skeleton.
The orc hits you but does no damage.
The bullfrog skeleton hits you. 😮 HP[-2]
You take 2 damage, and now have 35/47 hp.
You are too injured to fight recklessly!
You are too injured to fight recklessly!
You are too injured to fight recklessly!
You are too injured to fight recklessly!
You are too injured to fight recklessly!
You hit the bullfrog skeleton.
The bullfrog skeleton hits you but does no damage.
You hit the orc.
You kill the orc! 😕 HP[+1]
You hit the bullfrog skeleton. You hit the gnoll. You closely miss the gnoll.
The gnoll hits you with a +0 whip. 😮 HP[-1]
You take 1 damage, and now have 35/47 hp.
You slash the gnoll! The gnoll barely misses you.
You hit the gnoll but do no damage.
The gnoll hits you with a +0 whip! 😮 HP[-7]
You take 7 damage, and now have 28/47 hp.
You hit the gnoll.
You kill the gnoll!
The bullfrog skeleton hits you.
* * * LOW HITPOINT WARNING * * *
Your Axes skill increases to level 6! 😨 HP[-5]
You take 5 damage, and now have 23/47 hp.
You hit the bullfrog skeleton. The bullfrog skeleton hits you.
* * * LOW HITPOINT WARNING * * *
😨 HP[-6]
You take 6 damage, and now have 17/47 hp.
You slash the bullfrog skeleton!
The bullfrog skeleton hits you but does no damage.
You hit the bullfrog skeleton.
The bullfrog skeleton closely misses you.
The bullfrog skeleton hits you but does no damage.
You hit the bullfrog skeleton.
The bullfrog skeleton barely misses you.
You hit the bullfrog skeleton but do no damage.
The bullfrog skeleton completely misses you.
You hit the bullfrog skeleton. The bullfrog skeleton hits you.
* * * LOW HITPOINT WARNING * * *
😨 HP[-5]
You take 5 damage, and now have 12/47 hp.
You hit the bullfrog skeleton but do no damage.
The bullfrog skeleton barely misses you.
The bullfrog skeleton closely misses you. 😨 HP[+1]
You hit the bullfrog skeleton.
You destroy the bullfrog skeleton!
You hit the gnoll. The gnoll closely misses you.
You hit the gnoll but do no damage.
The gnoll hits you with a +2 flail of protection.
* * * LOW HITPOINT WARNING * * *
😱 HP[-2]
You take 2 damage, and now have 11/47 hp.
You hit the gnoll but do no damage. The gnoll barely misses you.
You closely miss the gnoll. The gnoll barely misses you.
You hit the gnoll.
The gnoll hits you with a +2 flail of protection.
* * * LOW HITPOINT WARNING * * *
😱 HP[-4]
You take 4 damage, and now have 7/47 hp.
You hit the gnoll but do no damage.
The gnoll hits you with a +2 flail of protection!
You die...

Skill      XL: |  1  2  3  4  5 |
---------------+----------------+-----
Armour         | 1 2 |  2.4
Fighting       | 4 |  4.6
Axes           | 5 6 |  6.1
Dodging        | 3 |  3.1
Stealth        | |  1.5

Action                   |  1- 3 |  4- 6 || total
-------------------------+-------+-------++-------
Melee: Hand axe          |   109 |   170 ||   279
Throw: Stone             |    53 |    38 ||    91
  Use: Scroll            |     6 |     3 ||     9
       Potion            |       |     2 ||     2
Armor: Robe              |    33 |     7 ||    40
       Chain mail        |       |    39 ||    39
Dodge: Dodged            |    68 |    80 ||   148

Levels and vault maps discovered:
D:1:      onia_arrival_handbag, layout_rooms,
          hellmonk_ecumenical_altar_pennies_from_heaven
D:2:      layout_rooms, minmay_quantized
D:3:      layout_basic
D:4:      layout_basic, minmay_temple_entry_poolview, uniq_ijyb

Notes
Turn   | Place    | Note
-------+----------+-------------------------------------------
     0 | D:1      | spiderkeys the Hill Orc Monk began the quest for the Orb.
     0 | D:1      | Reached XP level 1. HP: 19/19 MP: 1/1
     0 | D:1      | magus.rc [v1.9.10]
   216 | D:1      | Reached XP level 2. HP: 27/27 MP: 2/2
   588 | D:1      | Reached skill level 1 in Armour
   614 | D:1      | You pick up a book of Minor Magic and begin reading...
   614 | D:1      | You add the spells Magic Dart, Blink, Call Imp, Slow,
                  | Conjure Flame and Mephitic Cloud to your library.
   676 | D:1      | Found a faded altar of an unknown god.
   710 | D:2      | Reached XP level 3. HP: 28/33 MP: 3/3
   895 | D:2      | Reached skill level 4 in Fighting
  1708 | D:3      | Reached skill level 5 in Axes
  1897 | D:3      | Reached XP level 4. HP: 23/40 MP: 4/4
  2210 | D:3      | HP: 6/40 [adder (5)]
  2824 | D:3      | HP: 7/41 [something/puff of flame (9)]
  2828 | D:3      | HP: 3/41 [something/magic dart (5)]
  2830 | D:3      | Reached skill level 2 in Armour
  2830 | D:3      | Reached skill level 3 in Dodging
  2830 | D:3      | Reached XP level 5. HP: 3/47 MP: 5/5
  4446 | D:4      | Reached skill level 6 in Axes
  4455 | D:4      | HP: 11/47 [gnoll (2)]
  4459 | D:4      | Slain by a gnoll

Vanquished Creatures
  A bullfrog skeleton (D:4)
  An iguana (D:3)
  2 orc wizards (D:3)
  2 adders
  2 gnolls
  A dart slug (D:1)
  6 orcs
  11 endoplasms
  2 giant cockroaches
  A goblin (D:4)
  6 hobgoblins
  4 jackals (D:1)
  4 ball pythons (D:3)
  6 bats
  3 frilled lizards
  5 kobolds
  6 rats
63 creatures vanquished.

Table legend:
 A = Non-vault XP
 B = Vault XP
 C = Vault XP percentage of total XP
 D = Non-vault monster count
 E = Vault monster count
 F = Vault count percentage of total count
                 A         B        C        D         E       F
            +---------+---------+-------+---------+---------+-------
      Total |     291 |      10 |   3.3 |      56 |       7 |  11.1
            +---------+---------+-------+---------+---------+-------
        D:1 |      27 |       5 |  15.6 |      15 |       4 |  21.1
        D:2 |      33 |       5 |  13.2 |      12 |       3 |  20.0
        D:3 |     172 |       0 |   0.0 |      25 |       0 |   0.0
        D:4 |      59 |       0 |   0.0 |       4 |       0 |   0.0
            +---------+---------+-------+---------+---------+-------

Illustrated notes

Table legend:
 A = Kills in this place as a percentage of kills in entire the game.
 B = Kills by you in this place as a percentage of kills by you in the entire game.
 C = Kills by friends in this place as a percentage of kills by friends in the entire game.
 D = Other kills in this place as a percentage of other kills in the entire game.
 E = Experience gained in this place as a percentage of experience gained in the entire game.
 F = Experience gained in this place divided by the number of levels of this place that you have seen.
                   A       B       C       D       E      F
               +-------+-------+-------+-------+-------+----------------------
         Total | 100.0 | 100.0 |   N/A |   N/A | 100.0 |  75.2
       Dungeon | 100.0 | 100.0 |   N/A |   N/A | 100.0 |  75.2
               +-------+-------+-------+-------+-------+----------------------

Table legend: (Time is in decaauts)
 A = Elapsed time spent in this place.
 B = Non-inter-level travel time spent in this place.
 C = Inter-level travel time spent in this place.
 D = Time resting spent in this place.
 E = Time spent auto-exploring this place.
 F = Levels seen in this place.
 G = Mean time per level.
                   A        B        C        D        E       F      G
               +--------+--------+--------+--------+--------+-----+--------+
         Total |   4490 |   4414 |     76 |   1133 |   2627 |   4 | 1122.5 |
       Dungeon |   4490 |   4414 |     76 |   1133 |   2627 |   4 | 1122.5 |
               +--------+--------+--------+--------+--------+-----+--------+

Top non-repeatable levels by time:
     D:3: 2463 daAuts
     D:2: 1214 daAuts
     D:1: 713 daAuts
     D:4: 99 daAuts
